 Dungeon Crawl Stone Soup version 0.28-a0-595-g9f6c0e134a (webtiles) character file.

Game seed: 5522604714915346535

83 siradein the Sneak (level 4, -1/34 HPs)
             Began as a Demonspawn Brigand on Oct 5, 2021.
             Slain by Natasha (7 damage)
             ... on level 2 of the Dungeon.
             The game lasted 00:05:12 (1720 turns).

siradein the Sneak (Demonspawn Brigand)             Turns: 1720, Time: 00:05:13

Health: -1/34      AC:  4    Str: 11    XL:     4   Next: 22%
Magic:  4/4        EV: 12    Int: 12    God:
Gold:   44         SH:  0    Dex: 18    Spells: 3/3 levels left

rFire   . . .      SeeInvis .   a - +2 dagger
rCold   . . .      Faith    .   (no shield)
rNeg    . . .      Spirit   .   b - +0 robe
rPois   .          Reflect  .   (no helmet)
rElec   .          Harm     .   c - +0 cloak
rCorr   .          Rampage  .   k - +0 pair of gloves
Will    .....                   (no boots)
Stlth   ++++......              (no amulet)
HPRegen 0.11/turn               (no ring)
MPRegen 0.09/turn               (no ring)

@: slowed, very slow
A: thin skeletal structure 1, demonic magic 1
a: no special abilities


You were on level 2 of the Dungeon.
You visited 1 branch of the dungeon, and saw 2 of its levels.

You collected 44 gold pieces.

Inventory:

Hand Weapons
 a - a +2 dagger (weapon)
Missiles
 d - 8 poisoned darts
 e - 2 curare-tipped darts
 h - 37 stones (quivered)
Armour
 b - a +0 robe (worn)
 c - a +0 cloak (worn)
 k - a +0 pair of gloves (worn)
Scrolls
 g - a scroll of identify {unknown}
 j - a scroll of holy word {unknown}
 m - a scroll of teleportation {unknown}
Potions
 f - a potion of heal wounds {unknown}
 i - a potion of cancellation {unknown}
 l - a potion of lignification {unknown}
 n - a potion of curing {unknown}


   Skills:
 + Level 2.6 Fighting
 + Level 2.3 Short Blades
 + Level 2.4 Throwing
 + Level 1.7 Dodging
 + Level 4.0 Stealth


You had 3 spell levels left.
You didn't know any spells.
Your spell library contained the following spells:

 Spells                   Type           Power      Damage    Failure   Level
 Ensorcelled Hibernation  Hex/Ice        0%         N/A       45%         2
 Tukima's Dance           Hex            0%         N/A       69%         3
 Dispersal                Tloc           0%         N/A       100%        6
 Disjunction              Tloc           0%         N/A       100%        8


Dungeon Overview and Level Annotations

Branches:
Dungeon (2/15)

Altars:

Annotations:
D:2 Natasha


Innate Abilities, Weirdness & Mutations

You have a somewhat thin skeletal structure. (Dex +2, Stealth+)
Spells you cast may paralyse adjacent enemies.


Message History

Natasha casts a spell.
Unknown command.
You start waiting.
Natasha is nearby!
Natasha casts a spell at you.
You feel yourself slow down.
Natasha mumbles some strange words.
Natasha shimmers violently.
Natasha mumbles some strange words.
You barely miss Natasha.
Natasha is lightly wounded.
Natasha closely misses you. The shadow imp misses you.
You hit Natasha but do no damage. Natasha claws you but does no damage.
The shadow imp hits you. Natasha casts a spell at you. The magic dart hits you!
You hit Natasha.
Natasha is moderately wounded.
The shadow imp closely misses you. Natasha closely misses you.
You hit Natasha.
Natasha is heavily wounded.
The shadow imp misses you.
The shadow imp shouts, "Return whence thou came, thou dankish doghearted snake-molt!"
Natasha claws you!
The shadow imp summons a swarm of flies.
The shadow imp hits you.
Natasha howls an incantation.
Natasha glows brightly for a moment.
Natasha barely misses you.
You closely miss Natasha.
Natasha is heavily wounded.
The shadow imp laughs crazily.
Natasha claws you.
* * * LOW HITPOINT WARNING * * *
You hit Natasha.
Natasha is almost dead.
Natasha claws you.
* * * LOW HITPOINT WARNING * * *
Natasha claws you!
You die...

.# #..##.#.###....# .#
#..#......#...## .#
#..#).#.#.#...# .# .######
#(.#..#.#.#...# .# .......
#..####.#.#...### .#
....... #..)............#
.# .......
#.#####.#.....#.# .###
......>5##....†........#.#
.#.. .....
#5h@.....#....##.#.# .#.#
.... #.##############.#.#
.#.# ..#
#.#...........##.#.#
.#.###..####
#.#.#########.##.#.#
.#.........# #.#.#
#...##.#.# ........##.#
#.#.# #......#.#
.<.#.....#.# #<#.#
###########.# ##.#.##..#.#
#.#.# #...........#
#.#.....#.# #.#.#
#.###########


You could see Natasha and 2 shadow imps.

Vanquished Creatures
  4 adders (D:2)
  2 dart slugs (D:1)
  8 ball pythons
  3 bats (D:1)
  2 endoplasms (D:2)
  5 giant cockroaches
  4 hobgoblins
  5 kobolds
  A quokka (D:1)
  A frilled lizard (D:2)
  3 goblins (D:2)
  2 rats
40 creatures vanquished.

Vanquished Creatures (others)
  4 plants (D:1)
  7 withered plants (D:1)
11 creatures vanquished.

Grand Total: 51 creatures vanquished

Notes
Turn   | Place    | Note
-------+----------+-------------------------------------------
     0 | D:1      | siradein the Demonspawn Brigand began the quest for the
                  | Orb.
     0 | D:1      | Reached XP level 1. HP: 16/16 MP: 1/1
    17 | D:1      | Reached skill level 1 in Dodging
   269 | D:1      | Found a faded altar of an unknown god.
   311 | D:1      | Gained mutation: You have a somewhat thin skeletal
                  | structure. (Dex +2, Stealth+) [demonic ancestry]
   311 | D:1      | Reached XP level 2. HP: 22/22 MP: 2/2
   923 | D:2      | Gained mutation: Spells you cast may paralyse adjacent
                  | enemies. [demonic ancestry]
   923 | D:2      | Reached XP level 3. HP: 28/28 MP: 3/3
  1406 | D:2      | Reached skill level 4 in Stealth
  1510 | D:2      | Reached XP level 4. HP: 34/34 MP: 4/4
  1707 | D:2      | Noticed Natasha
  1720 | D:2      | Slain by Natasha

Illustrated notes

Levels and vault maps discovered:
D:1:      psy_arrival_terrarium, layout_basic,
          shapermc_ecumenical_altar_flowoftime
D:2:      layout_basic, uniq_natasha

Skill      XL: |  1  2  3 |
---------------+----------+-----
Dodging        | 1 |  1.7
Short Blades   | 2 |  2.3
Throwing       | 2 |  2.4
Stealth        | 4 |  4.0
Fighting       | |  2.6

Action                   |  1- 3 |  4- 6 || total
-------------------------+-------+-------++-------
Melee: Dagger            |   105 |    26 ||   131
Throw: Stone             |       |     4 ||     4
 Stab: Sleeping          |    13 |       ||    13
Armor: Robe              |    31 |     8 ||    39
Dodge: Dodged            |    49 |    16 ||    65

Table legend: (Time is in decaauts)
 A = Elapsed time spent in this place.
 B = Non-inter-level travel time spent in this place.
 C = Inter-level travel time spent in this place.
 D = Time resting spent in this place.
 E = Time spent auto-exploring this place.
 F = Levels seen in this place.
 G = Mean time per level.
                   A        B        C        D        E       F      G
               +--------+--------+--------+--------+--------+-----+--------+
         Total |   1709 |   1709 |      0 |      5 |   1344 |   2 |  854.5 |
       Dungeon |   1709 |   1709 |      0 |      5 |   1344 |   2 |  854.5 |
               +--------+--------+--------+--------+--------+-----+--------+

Top non-repeatable levels by time:
     D:1: 855 daAuts
     D:2: 853 daAuts
